 Dungeon Crawl Stone Soup version 0.21-a0-634-gaf8bc5d (webtiles) character file.

361 Firecrotchwizard the Sneak (level 6, -6/32 HPs)
             Began as a Vine Stalker Assassin on Dec 29, 2017.
             Was an Initiate of Uskayaw.
             Mangled by Duvessa
             ... wielding a +0 short sword
              (13 damage)
             ... on level 5 of the Dungeon.
             The game lasted 00:18:39 (4204 turns).

Firecrotchwizard the Sneak (Vine Stalker Assassin)  Turns: 4204, Time: 00:18:39

Health: -6/32      AC:  3    Str: 13    XL:     6   Next: 66%
Magic:  0/7        EV: 11    Int: 11    God:    Uskayaw [......]
Gold:   178        SH:  0    Dex: 18    Spells: 5/5 levels left

rFire    . . .     SeeInvis .   a - +3 dagger
rCold    . . .     Gourm    .   (no shield)
rNeg     . . .     Faith    .   c - +0 robe
rPois    .         Spirit   +   (no helmet)
rElec    .         Reflect  .   d - +0 cloak
rCorr    .         Harm     .   (no gloves)
MR       .....                  (no boots)
Stlth    ++........             o - amulet of rage {+Rage, !d}
HPRegen  0.50/turn              t - -2 ring of evasion (curse)
MPRegen  0.10/turn              s - ring of loudness (curse) {Stlth-}

@: no status effects
A: fangs 2, regeneration 1, magic shield, antimagic bite, no potion heal 3, rot
immunity
a: Renounce Religion, Evoke Berserk Rage


You were on level 5 of the Dungeon.
You worshipped Uskayaw.
Uskayaw was noncommittal.
You were not hungry.

You visited 2 branches of the dungeon, and saw 6 of its levels.

You collected 178 gold pieces.

Inventory:

Hand Weapons
 a - a +3 dagger (weapon)
 b - a +0 blowgun
 z - a cursed -2 dagger
   (You took it off an orc on level 3 of the Dungeon)
Missiles
 e - 31 poisoned needles
 n - 173 stones (quivered)
Armour
 c - a +0 robe (worn)
 d - a +0 cloak (worn)
Magical Staves
 A - an uncursed staff of fire {unknown}
   (You found it on level 5 of the Dungeon)
Jewellery
 o - an amulet of rage (around neck) {+Rage, !d}
   (You found it on level 1 of the Dungeon)
 p - an uncursed ring of see invisible {sInv, !d}
   (You found it on level 4 of the Dungeon)
 s - a cursed ring of loudness (right hand) {Stlth-}
   (You found it on level 4 of the Dungeon)
 t - a cursed -2 ring of evasion (left hand)
   (You found it on level 4 of the Dungeon)
Wands
 m - a wand of acid (9)
   (You found it on level 4 of the Dungeon)
 q - a wand of clouds (5)
   (You found it on level 2 of the Dungeon)
Scrolls
 i - 5 scrolls of identify
 l - 4 scrolls of teleportation
 y - a scroll of enchant weapon
Potions
 h - a potion of berserk rage {!q}
 k - 3 potions of might
 r - 2 potions of haste {unknown}
 u - 2 potions of ambrosia
 v - a potion of heal wounds {unknown}
 w - 2 potions of curing {unknown}
 x - a potion of flight {unknown}
Comestibles
 g - 8 rations {@e1}


   Skills:
 + Level 3.1 Fighting
 + Level 3.2 Short Blades
 + Level 3.1 Throwing
 + Level 2.4 Dodging
 + Level 6.1 Stealth


You had 5 spell levels left.
You didn't know any spells.

Dungeon Overview and Level Annotations

Branches:
Dungeon (5/15)             Temple (1/1) D:5

Altars:
Ashenzari
Cheibriados
Elyvilon
Fedhas
Hepliaklqana
Makhleb
Nemelex Xobeh
Qazlal
Ru
Sif Muna
Trog
Uskayaw
Vehumet
Xom
Zin

Annotations:
D:4 exclusion: 2 doors, Sigmund
D:5 Dowan, Duvessa


Innate Abilities, Weirdness & Mutations

You have extremely sharp teeth.
Your natural rate of healing is unusually fast.
When hurt, damage is shared between your health and your magic reserves.
Your bite disrupts and absorbs the magic of your enemies.
Potions cannot restore your health.
You are immune to rotting.


Message History

j - 7 chunks of flesh {@w0} (gained 3)
You see here a jackal skeleton.
i - 4 scrolls of identify (gained 1)
i - 5 scrolls of identify (gained 1)
You open the door.
There is an open door here.
You open the door.
Partly explored, can't reach some places.
Partly explored, can't reach some places.
(D) Dungeon
Where to? (Enter - D:4, ? - help)
There is a stone staircase leading down here.
You climb downwards.
There is a stone staircase leading up here.
Some of the chunks of flesh in your inventory have rotted away.
An iguana comes into view.
The iguana hisses angrily.
b - a +0 blowgun (weapon)
Aim: an iguana You shoot a poisoned needle.
The poisoned needle hits the iguana.
The iguana is poisoned.
Aim: an iguana (poisoned)
You shoot a poisoned needle. The poisoned needle hits the iguana.
The iguana looks even sicker.
Aim: an iguana (lightly wounded, poisoned)
You shoot a poisoned needle. The poisoned needle hits the iguana.
The iguana looks even sicker.
Aim: an iguana (moderately wounded, poisoned)
You shoot a poisoned needle. The poisoned needle hits the iguana.
The iguana looks as sick as possible!
a - a +3 dagger (weapon)
You kill the iguana!
e - 30 poisoned needles (gained 1)
e - 31 poisoned needles (gained 1)
e - 32 poisoned needles (gained 1)
e - 33 poisoned needles (gained 1);
r - 2 amethyst potions (gained 1)
Found a staircase to the Ecumenical Temple.
A - a curved jewelled staff
There is a staircase to the Ecumenical Temple here.
You climb downwards.
Welcome to the Ecumenical Temple!
Found fifteen altars.
There is a staircase back to the Dungeon here.
There is a hide-covered altar of Uskayaw here.
You kneel at the altar of Uskayaw.
Uskayaw welcomes you!
There is a staircase back to the Dungeon here.
You can't go down here!
You climb upwards.
Welcome back to the Dungeon!
There is a staircase to the Ecumenical Temple here.
You now have 168 gold pieces (gained 11).
Some of the chunks of flesh in your inventory have rotted away.
You now have 178 gold pieces (gained 10).
Eating one of 3 chunks of flesh {@w0}.
You eat one of the 3 chunks of flesh {@w0}.
All of the chunks of flesh in your inventory have rotted away.
You open the door.
There is an open door here.
You see here a short sword.
n - 173 stones (gained 15) Dowan, Brother of Duvessa comes into view.
He is wielding a dagger of speed.
Dowan shouts!
You hear a shout!
Dowan casts a spell.
Dowan blinks!
Duvessa, Sister of Dowan comes into view.
She is wielding a short sword.
Duvessa says, "When magic and the sword combine, nothing stands against them."
Duvessa says, "Where magic fails, the sword succeeds!"
Duvessa says, "My weaknesses are his strengths!"
Duvessa says, "When magic and the sword combine, nothing stands against them."
There is a stone staircase leading up here.
b - a +0 blowgun (weapon)
Quiver which item? (- for none, * to show all) (? for menu, Esc to quit)
Quivering
f - 2 curare-tipped needles for blowguns.
Aim: Duvessa, wielding a short sword and wearing a leather armour You shoot a curare-tipped needle.
The curare-tipped needle barely misses Duvessa.
Aim: Duvessa, wielding a short sword and wearing a leather armour You shoot a curare-tipped needle.
The curare-tipped needle hits Duvessa.
Duvessa is poisoned.
Duvessa convulses.
Duvessa seems to slow down.
Duvessa drinks a potion.
Duvessa shakes off her lethargy.
Duvessa goes berserk!
Aim: Duvessa, wielding a short sword and wearing a leather armour (lightly wounded, berserk, fast, unusually strong, poisoned)
You shoot a poisoned needle. The poisoned needle hits Duvessa.
Duvessa looks even sicker.
Aim: Duvessa, wielding a short sword and wearing a leather armour (moderately wounded, berserk, fast, unusually strong, poisoned)
You shoot a poisoned needle.
The poisoned needle closely misses Duvessa.
Duvessa hits you with a short sword!
You take 8 damage, and have 24/32 hp.
MASSIVE DAMAGE!!
You now have 5/7 mp.
a - a +3 dagger (weapon)
You closely miss Duvessa. Your bite misses Duvessa.
Duvessa hits you with a short sword! x2
* * * LOW HITPOINT WARNING * * *
You take 17 damage, and have 7/32 hp.
MASSIVE DAMAGE!!
You now have 1/7 mp.
Duvessa hits you with a short sword!
You die...

#.# #.####
#.##.##
#.#...####
#(.......+
#(....####
#.....#
#..e..#
#..@..#
#.....#
###.###
#.# #.#
#.# #.#
#..


You could see Duvessa (berserk).

Vanquished Creatures
  A bullfrog (D:4)
  A scorpion (D:4)
  A bullfrog skeleton (D:4)
  Jessica (D:3)
  An iguana (D:5)
  8 adders
  3 worms
  2 dart slugs
  2 leopard geckos
  8 orcs
  A ball python (D:2)
  4 giant cockroaches
  7 goblins
  7 hobgoblins
  7 jackals
  5 kobolds
  2 quokkas (D:4)
  6 bats
  6 frilled lizards
  10 rats
83 creatures vanquished.

Notes
Turn   | Place    | Note
-------+----------+-------------------------------------------
     0 | D:1      | Firecrotchwizard the Vine Stalker Assassin began the quest for the Orb.
     0 | D:1      | Reached XP level 1. HP: 11/11 MP: 2/2
   264 | D:1      | Reached skill level 1 in Dodging
   264 | D:1      | Reached XP level 2. HP: 10/15 MP: 1/3
   421 | D:1      | Reached skill level 2 in Short Blades
   421 | D:1      | Reached skill level 5 in Stealth
   513 | D:1      | Reached skill level 2 in Fighting
   513 | D:1      | Reached skill level 2 in Throwing
   824 | D:1      | Reached XP level 3. HP: 18/18 MP: 4/4
  1366 | D:2      | Gained mutation: Your natural rate of healing is unusually fast. [Vine Stalker growth]
  1366 | D:2      | Reached XP level 4. HP: 23/23 MP: 5/5
  1692 | D:2      | You fall through a shaft for 2 floors!
  1811 | D:4      | Noticed Sigmund
  2092 | D:3      | Noticed Jessica
  2099 | D:3      | Killed Jessica
  2099 | D:3      | Reached XP level 5. HP: 12/27 MP: 2/6
  3052 | D:3      | Reached skill level 2 in Dodging
  3254 | D:4      | Reached skill level 3 in Short Blades
  3254 | D:4      | Reached XP level 6. HP: 32/32 MP: 7/7
  3729 | D:4      | Reached skill level 3 in Throwing
  3737 | D:4      | HP: 5/32 [bullfrog (4)]
  3739 | D:4      | Reached skill level 3 in Fighting
  3739 | D:4      | Reached skill level 6 in Stealth
  3739 | D:4      | HP: 2/32 [poisoned by an adder]
  3745 | D:4      | HP: 1/32 [poisoned by an adder]
  3750 | D:4      | HP: 1/32 [poisoned by an adder]
  3757 | D:4      | HP: 3/32 [poisoned by an adder]
  3765 | D:4      | HP: 5/32 [poisoned by an adder]
  3884 | D:5      | Entered Level 5 of the Dungeon
  3942 | D:5      | Found a staircase to the Ecumenical Temple.
  3952 | Temple   | Entered the Ecumenical Temple
  3959 | Temple   | Became a worshipper of Uskayaw the Reveler
  4159 | D:5      | Noticed Dowan
  4160 | D:5      | Noticed Duvessa
  4203 | D:5      | HP: 7/32 [Duvessa/short sword (5)]
  4204 | D:5      | Mangled by Duvessa

Vault maps used:
D:1:      lightli_molten_gateway, minivault_4, minmay_misc_feat_nine_boxes
D:2:      cheibrodos_old_hovel, minmay_misc_feat_five
D:3:      uniq_jessica
D:4:      gup_sewer_entry_bowl, first_ration, uniq_sigmund
D:5:      temple_statues, kennysheep_generic_room_2, uniq_duvessa
Temple:   nicolae_temple_no_exploring_needed

Skill      XL: |  1  2  3  4  5  6 |
---------------+-------------------+-----
Dodging        | 1 2 |  2.4
Short Blades   | 2 3 |  3.2
Stealth        | 5 6 |  6.1
Fighting       | 2 3 |  3.1
Throwing       | 2 3 |  3.1

Action                   |  1- 3 |  4- 6 || total
-------------------------+-------+-------++-------
Melee: Dagger            |    72 |   128 ||   200
       Bite              |    14 |    44 ||    58
 Fire: Blowgun           |     8 |    48 ||    56
Throw: Stone             |     9 |     9 ||    18
  Use: Scroll            |     1 |    10 ||    11
 Stab: Distracted        |     1 |       ||     1
       Sleeping          |     6 |     6 ||    12
  Eat: Chunk             |     1 |     9 ||    10
Armor: Robe              |    11 |    17 ||    28
Dodge: Dodged            |    23 |    42 ||    65

Table legend:
 A = Spawn XP
 B = Non-spawn XP
 C = Spawn XP percentage of total XP
 D = Spawn monster count
 E = Non-spawn monster count
 F = Spawn count percentage of total count
 G = Total turns spent on level
                    A         B        C        D         E        F      G
               +---------+---------+-------+---------+---------+-------+---------
         Total |       0 |     516 |   0.0 |       0 |      83 |   0.0 |  4204
               +---------+---------+-------+---------+---------+-------+---------
           D:1 |       0 |      37 |   0.0 |       0 |      22 |   0.0 |  1057
           D:2 |       0 |      99 |   0.0 |       0 |      25 |   0.0 |  1077
           D:3 |       0 |      97 |   0.0 |       0 |      20 |   0.0 |   697
           D:4 |       0 |     247 |   0.0 |       0 |      15 |   0.0 |  1053
           D:5 |       0 |      36 |   0.0 |       0 |       1 |   0.0 |   305
               +---------+---------+-------+---------+---------+-------+---------

Vault maps used:
D:1:      lightli_molten_gateway, minivault_4, minmay_misc_feat_nine_boxes
D:2:      cheibrodos_old_hovel, minmay_misc_feat_five
D:3:      uniq_jessica
D:4:      gup_sewer_entry_bowl, first_ration, uniq_sigmund
D:5:      temple_statues, kennysheep_generic_room_2, uniq_duvessa
Temple:   nicolae_temple_no_exploring_needed

Table legend:
 A = Turns spent in this place as a percentage of turns spent in the entire game.
 B = Non-inter-level travel turns spent in this place as a percentage of non-inter-level travel turns spent in the entire game.
 C = Inter-level travel turns spent in this place as a percentage of turns spent in this place.
 D = Turns resting spent in this place as a percentage of non-inter-level travel turns spent in this place.
 E = Turns spent auto-exploring this place as a percentage of non-inter-level travel turns spent in this place.
 F = Non-inter-level travel turns spent in this place divided by the number of levels of this place that you've seen.
                   A       B       C       D       E      F
               +-------+-------+-------+-------+-------+----------------------
         Total | 100.0 | 100.0 |   2.4 |  15.1 |  55.6 | 684.2
       Dungeon |  99.6 |  99.9 |   2.1 |  15.1 |  55.6 | 820.4
        Temple |   0.4 |   0.1 |  80.0 |   0.0 |   0.0 |   3.0
               +-------+-------+-------+-------+-------+----------------------

Table legend:
 A = Kills in this place as a percentage of kills in entire the game.
 B = Kills by you in this place as a percentage of kills by you in the entire game.
 C = Kills by friends in this place as a percentage of kills by friends in the entire game.
 D = Other kills in this place as a percentage of other kills in the entire game.
 E = Experience gained in this place as a percentage of experience gained in the entire game.
 F = Experience gained in this place divided by the number of levels of this place that you have seen.
                   A       B       C       D       E      F
               +-------+-------+-------+-------+-------+----------------------
         Total | 100.0 | 100.0 |   N/A |   N/A | 100.0 |  86.0
       Dungeon | 100.0 | 100.0 |   N/A |   N/A | 100.0 | 103.2
               +-------+-------+-------+-------+-------+----------------------
